 Dungeon Crawl Stone Soup version 0.29.0-11-gd7f09526c8 (webtiles) character file.

Game seed: 12336372156001952004

37 greasedhog the Cudgeller (level 3, -2/49 HPs)
             Began as a Meteoran Berserker on Sept 6, 2022.
             Was a Follower of Trog.
             Slain by an orc
             ... wielding a +0 trident
              (8 damage)
             ... on level 3 of the Dungeon.
             The game lasted 00:01:26 (334 turns).

greasedhog the Cudgeller (Meteoran Berserker)        Turns: 334, Time: 00:01:27

Health: -2/49      AC:  5    Str: 20    XL:     3   Next: 85%
Magic:  4/4        EV: 11    Int:  9    God:    Trog [*.....]
Gold:   7          SH:  0    Dex: 13    Spells: 2/2 levels left

rFire   . . .      SeeInvis .   a - +0 mace
rCold   . . .      Faith    +   (no shield)
rNeg    . . .      Spirit   .   h - +0 ring mail
rPois   .          Reflect  .   (no helmet)
rElec   .          Harm     .   (no cloak)
rCorr   .          Rampage  .   (no gloves)
Will    .....                   (no boots)
Stlth   ..........              c - amulet of faith
HPRegen 0.16/turn               (no ring)
MPRegen 0.09/turn               (no ring)

@: berserking, glowing, very quick
A: sense surroundings 1, otherworldly, glowing, explore regen
a: Renounce Religion, Berserk


You were on level 3 of the Dungeon.
You worshipped Trog.
Trog was aware of your devotion.
You visited 1 branch of the dungeon, and saw 3 of its levels.

You collected 7 gold pieces.

Inventory:

Hand Weapons
 a - a +0 mace (weapon)
Armour
 h - a +0 ring mail (worn)
Jewellery
 c - an amulet of faith (around neck)
Scrolls
 d - a scroll of fear {unknown}
Potions
 e - a potion of invisibility {unknown}
 f - a potion of curing
 g - a potion of might {unknown}


   Skills:
 * Level 4.1 Fighting
 * Level 5.0 Maces & Flails
 - Level 2.4 Armour
 - Level 2.4 Dodging


You had 2 spell levels left.
You didn't know any spells.
Your spell library was empty.

Dungeon Overview and Level Annotations

Branches:
Dungeon (3/15) Zot: 1419

Altars:

Shops:
D:2 ?


Innate Abilities, Weirdness & Mutations

You passively map a small area around you.
You are easily found by Zot.
You glow in the dark.
You regain HP and MP as you explore.


Message History

You finish putting on your +0 ring mail.
Unknown command.
You drop a +0 animal skin.
There is a stone staircase leading down, spattered with blood here.
You start waiting.
You feel yourself speed up.
You climb downwards.
The hobgoblin closely misses you. The orc barely misses you.
The hobgoblin hits you. The orc closely misses you.
There is a stone staircase leading up, spattered with blood here.
Unknown command.
The hobgoblin hits you. The orc hits you with a +0 trident.
You see here a +0 leather armour.
The orc hits you from afar with a +0 trident!
* * * LOW HITPOINT WARNING * * *
The hobgoblin attacks as you move away! The hobgoblin hits you.
* * * LOW HITPOINT WARNING * * *
The hobgoblin attacks as you move away! The hobgoblin barely misses you.
It was a potion of curing.
You feel better.
The hobgoblin hits you but does no damage.
The orc attacks as you move away! The orc misses you.
You hit the hobgoblin.
The hobgoblin is almost dead.
The hobgoblin hits you but does no damage.
You hit the hobgoblin.
You kill the hobgoblin!
Trog accepts your kill.
You recover from your berserk rage.
You hit the orc but do no damage.
The orc hits you from afar with a +0 trident.
* * * LOW HITPOINT WARNING * * *
The orc closely misses you.
The orc hits you from afar with a +0 trident.
* * * LOW HITPOINT WARNING * * *
A red film seems to cover your vision as you go berserk!
You feel yourself moving faster!
You feel mighty! The orc hits you with a +0 club.
* * * LOW HITPOINT WARNING * * *
The orc hits you from afar with a +0 trident!
You die...

~..~ ~~* ,
~..~..~..~
.~..~~...~ *
.~......"##### ,*
** ~~......!.#*..#
, ,
.........###.#* ,,
..........##o#####
*
..........[.oo@..#
* #.#..#.##.###.#
, #....<.##.# # *
#.........# ,
*#.......### ,
#.......# , *
#...[..)# * , *
#.......#** *,
#.......#* ,


You could see 3 orcs.

Vanquished Creatures
  Natasha (D:2)
  2 orcs (D:2)
  A ball python (D:2)
  An endoplasm (D:3)
  3 hobgoblins
  A frilled lizard (D:2)
  A rat (D:1)
10 creatures vanquished.

Notes
Turn   | Place    | Note
-------+----------+-------------------------------------------
     0 | D:1      | greasedhog the Meteoran Berserker began the quest for the
                  | Orb.
     0 | D:1      | Reached XP level 1. HP: 19/19 MP: 2/2
    64 | D:2      | Noticed Natasha
    74 | D:2      | Killed Natasha
    75 | D:2      | Reached XP level 2. HP: 27/27 MP: 3/3
    75 | D:2      | Reached XP level 3. HP: 33/33 MP: 4/4
   146 | D:2      | Found Vumith's Magic Scroll Shop.
   292 | D:2      | Reached skill level 5 in Maces & Flails
   334 | D:3      | Slain by an orc

Illustrated notes

Levels and vault maps discovered:
D:1:      lemuel_arrival_hallway, layout_basic, basic_ecumenical_altar
D:2:      minmay_alternating_diamond, layout_loops_cross, serial_shops,
          nicolae_shop_hallway_stairs, basic_altar, st_stairs_2,
          minmay_randomly_rotated_circles, uniq_natasha, uniq_terence,
          uniq_sigmund
D:3:      cheibrodos_helix_gallery, layout_loops_cross,
          nicolae_overflow_crystal_walls, serial_shops, nicolae_shop_waterfront,
          roderic_malta_cross

Skill      XL: |  1  2  3 |
---------------+----------+-----
Fighting       | 4 |  4.1
Maces & Flails | 5 |  5.0
Armour         | |  2.4
Dodging        | |  2.4

Action                   || total
-------------------------++-------
Melee: Mace              ||    31
Invok: Berserk           ||     3
  Use: Potion            ||     1
Armor: Animal skin       ||     6
       Ring mail         ||     2
Dodge: Dodged            ||    22
